Map: Eternal Empire LE

Players

Scorpius

  • Race: Protoss Protoss
  • League: Gold
  • Spawn Location: 7:00

DarkSoul - Winner!

  • Race: Zerg Zerg
  • League: Gold
  • Spawn Location: 1:00

VOD

Have the link to the VOD?

Description

Time

  • Played on: March 17, 2020, 11:02 p.m.
  • Length: 17:02
Show
View Real Time Build Order
Export as new Build Order

Scorpius Protoss 

Build Orders: 1 Gate Expand, Carriers 

Get SALT Encoding   

  12  0:02  Probe  
  13  0:14  Probe  
  13  0:19  Pylon  
  14  0:26  Probe  
  15  0:38  Probe  
  15  0:40  Gateway  
  16  0:50  Probe  
  17  1:02  Probe  
  17  1:03  Assimilator  
  18  1:14  Probe  
  21  1:37  Cybernetics Core  
  19  1:40  Nexus  
  19  1:45  Pylon  
  19  1:48  Probe  
  20  2:15  Assimilator, Zealot  
  22  2:30  Shield Battery  
  22  2:33  Stargate  
  22  2:37  Probe (Chrono Boost)  
  23  2:47  Probe (Chrono Boost)  
  23  2:48  Stalker  
  26  2:52  Probe (Chrono Boost)  
  27  3:02  Probe  
  27  3:03  Probe  
  29  3:07  Warp Gate  
  29  3:17  Pylon  
  29  3:23  Gateway  
  29  3:26  Void Ray (Chrono Boost)  
  33  3:45  Shield Battery  
  33  3:48  Zealot  
  35  3:49  Pylon  
  35  3:52  Gateway  
  35  4:07  Stargate  
  35  4:18  Zealot  
  35  4:19  Zealot  
  39  4:26  Probe x2  
  41  4:37  Fleet Beacon  
  41  4:45  Probe x2  
  43  4:49  Assimilator  
  43  4:53  Assimilator  
  43  4:57  Probe x2, Zealot  
  43  4:58  Zealot  
  49  5:12  Probe x2  
  51  5:24  Probe x2  
  51  5:28  Carrier  
  59  5:36  Probe  
  59  5:41  Pylon  
  59  5:42  Probe  
  61  5:48  Probe  
  62  5:59  Carrier  
  68  6:15  Probe x2  
  70  6:23  Protoss Air Weapons Level 1  
  70  6:36  Pylon  
  70  6:46  Nexus  
  70  6:54  Oracle, Probe x2  
  75  7:02  Pylon  
  75  7:08  Cybernetics Core  
  75  7:10  Probe x2  
  77  7:23  Pylon  
  77  7:49  Carrier  
  77  7:50  Carrier  
  89  8:05  Protoss Air Armor Level 1  
  85  8:30  Probe  
  85  8:31  Probe x2  
  88  8:37  Forge  
  88  8:44  Pylon  
  88  8:46  Pylon  
  88  8:54  Twilight Council  
  88  9:00  Mothership (Chrono Boost), Carrier  
  88  9:01  Carrier  
  100  9:03  Protoss Air Weapons Level 2  
  110  9:13  Probe x2 (Chrono Boost)  
  110  9:16  Pylon  
  110  9:21  Pylon  
  110  9:23  Photon Cannon  
  110  9:42  Photon Cannon  
  110  9:43  Photon Cannon  
  106  10:32  Probe  
  106  10:33  Probe  
  108  10:36  Void Ray x2  
  116  10:47  Templar Archives  
  116  10:55  Assimilator  
  116  10:56  Zealot  
  116  10:57  Zealot x2  
  120  11:00  Protoss Air Armor Level 2  
  122  11:12  Gateway  
  122  11:15  Gateway  
  122  11:16  Gateway  
  122  11:18  Gateway  
  122  11:21  Gateway  
  122  11:23  Gateway  
  122  11:25  Gateway  
  120  11:28  Carrier  
  120  11:29  Carrier  
  120  11:34  High Templar x3  
  122  11:40  Probe x2  
  122  11:41  Probe  
  122  11:43  Assimilator  
  125  11:56  Psionic Storm  
  125  12:13  Probe  
  125  12:14  Probe x2  
  128  12:16  Zealot x3  
  128  12:17  Zealot x4  
  140  12:27  Pylon  
  140  12:31  Pylon  
  140  12:43  Pylon  
  138  12:48  High Templar  
  138  12:49  High Templar x4  
  142  12:58  Void Ray  
  140  13:03  Void Ray  
  144  13:09  Probe  
  145  13:21  Probe  
  145  13:26  Nexus  
  146  13:54  Pylon  
  146  13:57  Pylon  
  146  13:59  Protoss Air Weapons Level 3  
  146  14:00  Pylon  
  146  14:01  Protoss Air Armor Level 3  
  146  14:02  Pylon  
  146  14:07  Carrier  
  146  14:08  Carrier  
  158  14:11  Zealot x3  
  158  14:15  Zealot x5  
  158  14:16  Zealot x2  
  97  15:27  Carrier x2  
  109  15:44  Nexus  
  109  15:49  Zealot  
  111  15:50  Zealot x5  
  111  15:51  Zealot x4  
  108  16:29  High Templar x3  
  108  16:30  High Templar x3  
Show
View Real Time Build Order
Export as new Build Order

DarkSoul Zerg - Winner!

Build Orders: Hatch First 

Get SALT Encoding   

  12  0:03  Drone  
  13  0:13  Overlord  
  13  0:18  Drone  
  14  0:32  Drone x2  
  16  0:53  Hatchery  
  15  1:00  Drone x3  
  18  1:18  Drone, Spawning Pool  
  18  1:27  Drone  
  19  1:35  Overlord  
  19  1:41  Extractor  
  18  1:47  Drone  
  19  2:01  Drone  
  20  2:05  Hatchery  
  20  2:06  Queen  
  21  2:14  Queen  
  23  2:23  Drone x3  
  26  2:32  Overlord  
  26  2:34  Drone  
  27  2:51  Drone x2  
  27  2:52  Drone x3  
  32  3:18  Extractor  
  31  3:22  Drone x2  
  31  3:23  Drone x5  
  31  3:24  Drone  
  31  3:26  Queen  
  41  3:27  Extractor  
  41  3:29  Extractor  
  39  3:34  Spore Crawler  
  39  3:39  Spore Crawler  
  37  3:49  Drone x2  
  37  3:50  Drone x6  
  37  3:55  Drone  
  46  3:59  Lair  
  46  4:10  Spore Crawler  
  45  4:18  Drone x3  
  45  4:20  Drone  
  45  4:23  Drone  
  50  4:25  Overlord x2  
  50  4:26  Overlord x2  
  50  4:51  Drone x2  
  54  4:52  Drone x2  
  54  4:53  Drone  
  54  4:54  Drone x3  
  58  5:00  Queen x3  
  58  5:02  Hydralisk Den  
  63  5:14  Drone x3, Extractor  
  63  5:15  Drone  
  63  5:16  Drone x5  
  63  5:17  Drone x2  
  73  5:32  Overlord x5  
  73  5:35  Queen  
  73  5:36  Queen  
  73  5:40  Spire  
  76  5:51  Drone x2  
  76  5:52  Drone x3  
  76  5:56  Drone x2  
  76  5:57  Drone, Extractor  
  84  6:00  Grooved Spines  
  84  6:03  Overlord x2  
  84  6:04  Overlord  
  83  6:25  Hydralisk  
  83  6:26  Hydralisk x10  
  83  6:32  Drone  
  106  6:47  Pneumatized Carapace  
  106  6:53  Hatchery  
  105  6:58  Zerg Flyer Weapons Level 1  
  105  7:05  Infestation Pit  
  105  7:07  Drone x2  
  106  7:08  Evolution Chamber  
  106  7:10  Evolution Chamber  
  106  7:11  Muscular Augments  
  106  7:15  Corruptor x3  
  104  7:16  Corruptor x4  
  118  7:35  Drone  
  118  7:36  Drone x8  
  127  7:43  Hive  
  127  7:46  Zerg Missile Weapons Level 1  
  127  7:48  Zerg Ground Armor Level 1  
  127  7:58  Corruptor x3  
  131  8:30  Extractor  
  131  8:31  Extractor  
  131  8:32  Drone x3  
  131  8:33  Drone x3  
  135  8:35  Drone x3  
  135  8:36  Drone x6  
  144  8:44  Overlord x4  
  144  8:45  Overlord x2  
  144  9:06  Zerg Flyer Weapons Level 2  
  144  9:10  Corruptor x2  
  144  9:11  Corruptor x8  
  160  9:51  Corruptor x7  
  160  9:52  Corruptor  
  174  10:05  Queen  
  176  10:07  Corruptor x2  
  176  10:08  Corruptor  
  182  10:30  Hatchery  
  181  11:14  Hydralisk  
  181  11:15  Hydralisk x8  
  199  11:41  Greater Spire  
  199  11:57  Unknown  
  199  12:00  Zergling x2  
  199  12:01  Zergling x2  
  200  12:11  Overseer  
  200  12:18  Spore Crawler  
  200  12:19  Spine Crawler  
  200  12:20  Spine Crawler  
  200  12:21  Drone  
  200  12:22  Drone x2  
  200  12:28  Spore Crawler  
  199  12:30  Spine Crawler  
  198  12:38  Spine Crawler x2  
  198  12:42  Spine Crawler  
  198  12:43  Zerg Ground Armor Level 2, Spine Crawler, Zerg Missile Weapons Level 2  
  194  12:55  Brood Lord x3  
  199  13:00  Overseer  
  199  13:01  Overseer x2  
  199  13:25  Hatchery  
  198  13:28  Hatchery  
  198  13:30  Hatchery  
  196  13:35  Brood Lord  
  198  14:02  Zerg Flyer Weapons Level 3  
  198  14:10  Hatchery  
  150  15:02  Corruptor  
  150  15:03  Corruptor x10  
  150  15:04  Corruptor x14  
  188  15:25  Corruptor x5  
  196  15:55  Drone x2  
  196  15:56  Drone  
Tags
 
Add a new tag
Caveats
  • Supply blocks, unpowered buildings, or Contaminate may cause inaccurate times.
  • Supply counts are checked every 10 seconds.